 Dungeon Crawl Stone Soup version 0.23.0-3-gf3c87f2df8 (webtiles) character file.

Game seed: 754538890391300458

201 blaro the Shield-Bearer (level 5, -4/47 HPs)
             Began as a Minotaur Fighter on Feb 21, 2019.
             Was a Follower of the Shining One.
             Killed from afar by an electric eel (14 damage)
             ... with a bolt of electricity
             ... on level 3 of the Dungeon.
             The game lasted 00:11:37 (2116 turns).

blaro the Shield-Bearer (Minotaur Fighter)          Turns: 2116, Time: 00:11:38

Health: -4/47      AC:  8    Str: 22    XL:     5   Next: 50%
Magic:  4/4        EV:  8    Int:  5    God:    the Shining One [*.....]
Gold:   141        SH: 10    Dex:  9    Spells: 4/4 levels left

rFire    . . .     SeeInvis .   a - +0 war axe
rCold    . . .     Gourm    .   c - +0 shield
rNeg     . . .     Faith    .   b - +1 scale mail
rPois    .         Spirit   .   (helmet restricted)
rElec    .         Reflect  .   (no cloak)
rCorr    .         Harm     .   (no gloves)
MR       .....                  (no boots)
Stlth    ..........             (no amulet)
HPRegen  0.15/turn              (no ring)
MPRegen  0.09/turn              (no ring)

@: glowing
A: retaliatory headbutt, horns 2
a: Renounce Religion


You were on level 3 of the Dungeon.
You worshipped the Shining One.
The Shining One was aware of your devotion.
You were hungry.

You visited 1 branch of the dungeon, and saw 3 of its levels.

You collected 141 gold pieces.

Inventory:

Hand Weapons
 a - a +0 war axe (weapon)
Armour
 b - a +1 scale mail (worn)
 c - a +0 shield (worn)
Wands
 f - a wand of flame (13)
Scrolls
 i - a scroll of noise
 j - a scroll of teleportation
 l - a scroll of identify
Potions
 d - a potion of might
 e - a potion of brilliance {unknown}
 g - 2 potions of agility
 h - a potion of heal wounds {unknown}
 m - a potion of curing {unknown}


   Skills:
 + Level 4.7 Fighting
 + Level 4.0 Axes
 + Level 4.8 Armour
 + Level 1.0 Dodging
 + Level 4.9 Shields


You had 4 spell levels left.
You didn't know any spells.
Your spell library was empty.

Dungeon Overview and Level Annotations

Branches:
Dungeon (3/15)

Altars:
The Shining One


Innate Abilities, Weirdness & Mutations

You reflexively headbutt those who attack you in melee.
You have a pair of horns on your head.


Message History

There is a transporter landing site here.
You open the door.
The electric eel shoots out a bolt of lightning at you!
The bolt of electricity hits you! x2
There is a transporter landing site here.
You start resting.
The rat twitches its whiskers.
You are feeling hungry.
You can't go down here!
The electric eel shoots out a bolt of lightning at you!
The bolt of electricity hits you! x2
The electric eel shoots out a bolt of lightning at you!
The bolt of electricity misses you. x2
The electric eel shoots out a bolt of lightning at you!
The bolt of electricity hits you!
* * * LOW HITPOINT WARNING * * *
The bolt of electricity hits the plant!
The bolt of electricity hits the plant.
The electric eel shoots out a bolt of lightning at you!
The bolt of electricity hits you!
You die...

#.# #...†...####### #.#
#....†).......#
#.####.....†..####.#
#.##...........#
###########.#..........#.#
..........[...r.)..####...#
#######..#.#######†# .....
#..#.#8.©.8#.# ...###
#..#.#P.@.P#b# #.##
#..#.###'###.....
#..#.#;...;#.....
#..#.#;...;#..###
#..#.#≈≈P≈≈#..#
#..#.#≈≈♣≈≈#..#
#.#≈≈≈≈≈#.... #.#≈≈≈≈≈#....


You could see 4 electric eels, a bat and a rat.

Vanquished Creatures
  Natasha (twice) (D:2)
  4 gnolls
  A howler monkey skeleton (D:3)
  4 adders
  An ooze (D:2)
  A worm (D:1)
  5 dart slugs
  8 bats
  4 giant cockroaches
  6 goblins
  5 hobgoblins
  7 jackals
  A ball python (D:2)
  2 frilled lizards (D:1)
  5 kobolds
  3 rats
59 creatures vanquished.

Notes
Turn   | Place    | Note
-------+----------+-------------------------------------------
     0 | D:1      | blaro the Minotaur Fighter began the quest for the Orb.
     0 | D:1      | Reached XP level 1. HP: 19/19 MP: 0/0
   145 | D:1      | Reached XP level 2. HP: 26/27 MP: 1/1
   191 | D:1      | Found a glowing golden altar of the Shining One.
   268 | D:1      | Reached XP level 3. HP: 28/33 MP: 2/2
   521 | D:1      | Became a worshipper of the Shining One
  1063 | D:2      | Reached XP level 4. HP: 29/41 MP: 3/3
  1069 | D:2      | Noticed Natasha
  1074 | D:2      | Killed Natasha
  1103 | D:2      | Noticed Natasha
  1207 | D:2      | Reached * piety under the Shining One
  1610 | D:2      | Reached XP level 5. HP: 43/47 MP: 4/4
  1843 | D:2      | Killed Natasha
  1936 | D:3      | Found a transporter.
  1940 | D:3      | Reached skill level 1 in Dodging
  2116 | D:3      | Killed from afar by an electric eel

Skill      XL: |  1  2  3  4  5 |
---------------+----------------+-----
Shields        | 4 |  4.9
Armour         | 4 |  4.8
Fighting       | 4 |  4.7
Axes           | 3 4 |  4.0
Dodging        | 1 |  1.0

Action                   |  1- 3 |  4- 6 || total
-------------------------+-------+-------++-------
Melee: War axe           |    59 |    43 ||   102
       Headbutt          |     9 |     3 ||    12
  Use: Scroll            |     5 |       ||     5
  Eat: Ration            |       |     1 ||     1
Armor: Scale mail        |    25 |    24 ||    49
Dodge: Dodged            |    29 |    23 ||    52
Block: Shield            |    42 |    36 ||    78
